 Dungeon Crawl Stone Soup version 0.30-b1-2-g02819fbbbe (webtiles) character file.

Game seed: 7262532493421889961

58 sanka the Insei (level 3, -6/27 HPs)
             Began as a Vampire Warper on May 16, 2023.
             Mangled by a gnoll
             ... wielding a +0 halberd
              (13 damage)
             ... on level 2 of the Dungeon.
             The game lasted 00:02:59 (881 turns).

sanka the Insei (Vampire Warper)                     Turns: 881, Time: 00:03:00

Health: -6/27      AC:  4    Str: 10    XL:     3   Next: 76%
Magic:  6/6        EV: 12    Int: 15    God:
Gold:   124        SH:  0    Dex: 15    Spells: 6/6 levels left

rFire   . .          .
                       - Unarmed
rCold   . . .        (no shield)
rNeg    . . .        a - +0 leather armour
rPois   .            (no helmet)
rElec   .            (no cloak)
rCorr   .            g - +0 pair of gloves
SInv    +            (no boots)
Will    .....        (no amulet)
Stlth   +            (no ring)
HPRegen 0.44/turn    (no ring)
MPRegen 0.10/turn

%: no passive effects
@: healing quickly
A: alive, fangs 3, see invisible, vampiric 2
a: Exsanguinate


You were on level 2 of the Dungeon.
You visited 1 branch of the dungeon, and saw 3 of its levels.

You collected 124 gold pieces.

Inventory:

Missiles
 c - 7 boomerangs of dispersal (quivered) {=f}
 h - 5 boomerangs
Armour
 a - a +0 leather armour (worn)
 g - a +0 pair of gloves (worn)
Scrolls
 b - 2 scrolls of blinking
 e - a scroll of identify {unknown}
 f - a scroll of summoning {unknown}
 j - 2 scrolls of amnesia {unknown}
 k - a scroll of enchant armour {unknown}
 l - a scroll of fog {unknown}
Potions
 d - a potion of curing {unknown}
 i - a potion of attraction {unknown}


   Skills:
 - Level 2.0 Fighting
 - Level 0.7 Throwing
 - Level 0.7 Armour
 - Level 2.1 Dodging
 + Level 4.5 Unarmed Combat
 - Level 2.0 Spellcasting
 - Level 2.4 Translocations


You had 6 spell levels left.
You didn't know any spells.
Your spell library contained the following spells:

 Spells                   Type           Power      Damage    Failure   Level
 Blink                    Tloc           16%        N/A       17%         2
 Lesser Beckoning         Tloc           16%        N/A       17%         2
 Momentum Strike          Conj/Tloc      10%        3d8       28%         2
 Teleport Other           Tloc           8%         N/A       34%         3
 Vhi's Electric Charge    Tloc/Air       10%        N/A       50%         3
 Manifold Assault         Tloc           8%         N/A       75%         4
 Summon Forest            Summ/Tloc      2%         N/A       99%         5
 Eringya's Noxious Bog    Tmut/Pois      0%         N/A       100%        6
 Summon Hydra             Summ           0%         N/A       100%        7


Dungeon Overview and Level Annotations

Branches:
Dungeon (3/15)

Altars:


Innate Abilities, Weirdness & Mutations

Your natural rate of healing is accelerated.
You have razor-sharp teeth.
You have supernaturally acute eyesight. (SInv)
You are afflicted with vampirism and can become a bat while bloodless.


Message History

A gnoll is nearby! 3 gnolls come into view.
The gnoll shouts!
You closely miss the gnoll. The gnoll hits you with a +0 whip.
The gnoll attacks as you move away! The gnoll hits you with a +0 whip.
You see here a frilled lizard corpse.
The gnoll attacks as you move away! The gnoll completely misses you.
The gnoll attacks as you move away! The gnoll barely misses you.
There is a stone staircase leading down here.
You climb downwards.
There is a stone staircase leading up here.
Unknown command.
You hit the gnoll. You bite the gnoll.
The gnoll is heavily wounded.
The gnoll closely misses you.
You hit the gnoll.
You kill the gnoll!
No target in view!
No target in view!
You start resting.
HP restored.
You climb upwards.
There is a stone staircase leading down here.
Unknown command.
The gnoll shouts! x2
The gnoll closely misses you. The gnoll barely misses you.
The gnoll attacks as you move away! The gnoll misses you.
The gnoll closely misses you.
Things that are here:
8 stones; a +0 whip; a kobold corpse You see here a quokka corpse.
Things that are here:
a +0 club; a rat corpse; a goblin corpse The gnoll hits you from afar with a +0 halberd!
The gnoll hits you with a +0 halberd!
* * * LOW HITPOINT WARNING * * *
You barely miss the gnoll. The gnoll closely misses you.
The gnoll hits you from afar with a +0 halberd!
You die...

#.##.# ###.##.#
#..>...## ..#
#g###...#####.# #.# #.#
#.........# #.#
#.###...###### #.#
#...g.g.....# #.#
############.# #.#
#..@.ggg.# #g#
###.##########.######.#
#.# ...............#
#.# #.#
.....########### #)#
#.# ###..# #†###.####
#..# #.g......# #..#
##†.......# #..#
##.........# ##...#
##.#........#


You could see 3 gnolls.

Vanquished Creatures
  A gnoll (D:3)
  2 dart slugs (D:1)
  3 endoplasms (D:1)
  3 giant cockroaches
  3 goblins
  2 hobgoblins
  4 jackals (D:1)
  4 quokkas
  5 ball pythons
  A bat (D:1)
  4 frilled lizards
  5 kobolds
  5 rats
42 creatures vanquished.

Vanquished Creatures (others)
  A plant (D:1)
1 creature vanquished.

Grand Total: 43 creatures vanquished

Notes
Turn   | Place    | Note
-------+----------+-------------------------------------------
     0 | D:1      | sanka the Vampire Warper began the quest for the Orb.
     0 | D:1      | Reached XP level 1. HP: 16/16 MP: 3/3
   125 | D:1      | Reached XP level 2. HP: 22/22 MP: 5/5
   170 | D:1      | Reached skill level 3 in Unarmed Combat
   402 | D:1      | Gained mutation: You are afflicted with vampirism and can
                  | become a bat while bloodless. [Vampire growth]
   402 | D:1      | Reached XP level 3. HP: 25/27 MP: 6/6
   533 | D:1      | Reached skill level 4 in Unarmed Combat
   881 | D:2      | Mangled by a gnoll

Illustrated notes

Levels and vault maps discovered:
D:1:      sevenhm_arrival_forest_fort_large_4, layout_rooms
D:2:      layout_loops_ring
D:3:      layout_basic, nzn_hepliaklqana_mist_gate, amethyst_killhole,
          uniq_natasha

Skill      XL: |  1  2  3 |
---------------+----------+-----
Fighting       | 2 |  2.0
Unarmed Combat | 3 4 |  4.5
Throwing       | |  0.7
Armour         | |  0.7
Dodging        | |  2.1
Spellcasting   | |  2.0
Translocations | |  2.4

Action                     || total
---------------------------++-------
  Melee: Unarmed           ||   146
         Bite              ||    13
         Punch             ||     4
 Armour: Leather armour    ||    46
  Dodge: Dodged            ||    94
